 Dungeon Crawl Stone Soup version 0.32-a0-35-gd9ff480968 (webtiles) character file.

Game seed: 14210679884773813694

1383 PriceMaster the Conjurer (level 8, 0/49 HPs)
             Began as an Octopode Conjurer on Jan 23, 2024.
             Was an Initiate of Okawaru.
             Succumbed to a kobold brigand's poison
             ... on level 6 of the Dungeon.
             The game lasted 00:15:48 (6612 turns).

PriceMaster the Conjurer (Octopode Conjurer)        Turns: 6612, Time: 00:15:48

Health: 0/49       AC:  1    Str:  6    XL:     8   Next: 67%
Magic:  16/16      EV: 13    Int: 22    God:    Okawaru [......]
Gold:   127        SH:  0    Dex: 11    Spells: 11/18 levels left

rFire   . . .        j - +1 scythe (protect)
rCold   . . .        (shield currently unavailable)
rNeg    . . .        (helmet restricted)
rPois   .            (no amulet)
rElec   .            (no ring)
rCorr   .            (no ring)
SInv    .            (no ring)
Will    .....        (no ring)
Stlth   ++++         (no ring)
HPRegen 0.28/turn    (no ring)
MPRegen 0.15/turn    (no ring)
                     (no ring)

%: no passive effects
@: mighty, lethally poisoned (0 -> -6)
A: almost no armour, amphibious, 8 rings, camouflage 1, gelatinous body 1,
(nimble swimmer 1), tentacles
a: Renounce Religion


You were on level 6 of the Dungeon.
You worshipped Okawaru.
Okawaru was noncommittal.
You visited 1 branch of the dungeon, and saw 6 of its levels.

You collected 127 gold pieces.

Inventory:

Hand Weapons
 a - a +1 whip of electrocution
 c - a +0 dagger
 d - a +0 short sword
 j - a +1 scythe of protection (weapon)
Wands
 e - a wand of iceblast (12)
Scrolls
 f - a scroll of fog
 i - a scroll of teleportation
 l - a scroll of acquirement {unknown}
 m - a scroll of immolation {unknown}


   Skills:
 + Level 1.7 Fighting
 + Level 1.0 Short Blades
 + Level 2.6 Maces & Flails
 + Level 3.2 Dodging
 * Level 5.9 Stealth
 + Level 0.4 Unarmed Combat
 + Level 5.7 Spellcasting
 * Level 6.2 Conjurations
 + Level 3.1 Hexes


You had 11 spell levels left.
You knew the following spells:

 Your Spells              Type           Power      Damage    Failure   Level
a - Magic Dart            Conj           100%       1d8       1%          1
b - Searing Ray           Conj           66%        2d6       1%          2
c - Jinxbite              Hex            40%        N/A       4%          2
d - Blink                 Tloc           12%        N/A       14%         2

Your spell library contained the following spells:

 Spells                   Type           Power      Damage    Failure   Level
 Sting                    Conj/Alch      80%        1d8       2%          1
 Momentum Strike          Conj/Tloc      40%        3d9       4%          2
 Apportation              Tloc           12%        N/A       10%         1
 Necrotise                Necr           24%        1d5       10%         1
 Cigotuvi's Dreadful Rot  Necr/Alch/Air  12%        N/A       14%         2
 Lesser Beckoning         Tloc           12%        N/A       14%         2
 Fulminant Prism          Conj/Alch      10%        3d8       26%         4
 Iskenderun's Mystic Bla  Conj/Tloc      20%        2d6       26%         4
 Ignite Poison            Fire/Alch      6%         N/A       67%         4
 Freezing Cloud           Conj/Ice/Air   7%         6-21      73%         5
 Yara's Violent Unravell  Hex/Alch       6%         3d5       80%         5
 Enfeeble                 Hex            10%        N/A       100%        7
 Summon Small Mammal      Summ           Unusable   N/A       N/A         1

Dungeon Overview and Level Annotations

Branches:
Dungeon (6/15)             Temple (0/1) D:4

Altars:
Okawaru

Annotations:
D:5 1 runed translucent door


Innate Abilities, Weirdness & Mutations

You cannot wear most types of armour.
You are amphibious.
You can wear up to eight rings at the same time.
Your skin changes colour to match your surroundings (Stealth+).
Your rubbery body absorbs attacks. (AC +1, EV +1)
((You are camouflaged when in or above water. (Stealth+)))
You have tentacles for arms and can constrict up to eight enemies at once.


Message History

You are poisoned.
You hit the orc.
You kill the orc!
Okawaru accepts your kill.
You feel very sick.
The kobold brigand throws a poisoned dart.
The poisoned dart hits you!
You are more poisoned.
You closely miss the kobold. Your grab misses the kobold.
Your squeeze misses the kobold.
You feel very sick.
The kobold brigand throws a poisoned dart.
The poisoned dart hits you!
You are lethally poisoned!
The kobold misses you.
You feel very mighty all of a sudden.
* * * LOW HITPOINT WARNING * * *
You feel very sick. The kobold barely misses you.
You barely miss the kobold. Your grab misses the kobold.
* * * LOW HITPOINT WARNING * * *
You feel very sick. The kobold hits you with a +0 club.
* * * LOW HITPOINT WARNING * * *
The kobold brigand throws a poisoned dart.
The poisoned dart closely misses you. The kobold closely misses you.
The kobold brigand throws a poisoned dart.
The poisoned dart barely misses you.
A kobold comes into view. It is wielding a +0 dagger.
Okay, then.
Blink to where?
Press: ? - help, Dir - move target
As you read the scroll of blinking, it crumbles to dust.
* * * LOW HITPOINT WARNING * * *
You feel sick.
You aren't carrying any potions.
As you read the scroll labelled ZAZODU KIRA, it crumbles to dust.
You assume a fearsome visage.
The kobold brigand looks frightened!
The kobold looks frightened!
It was a scroll of fear.
You die...

## ### .##
#.##..# ##.#...#
#@..)..#
#####.....#
#.#.......###
.......K[...##..
#......)........
........<.......
......$..K......
................
................


You could see a kobold brigand (fleeing) and a kobold (fleeing).

Vanquished Creatures
  Sigmund (D:6)
  Eustachio (D:4)
  Duvessa (D:5)
  An ogre (D:5)
  2 black bears
  A phantom (D:4)
  3 scorpions
  Dowan (D:5)
  A bombardier beetle (D:5)
  2 hounds (D:5)
  A jelly (D:4)
  A sleepcap (D:6)
  2 iguanas (D:5)
  2 orc wizards (D:3)
  3 adders
  6 gnolls
  A shadow imp (D:5)
  A ribbon worm (D:4)
  A dart slug (D:2)
  6 orcs
  6 ball pythons
  2 bats
  6 endoplasms
  6 giant cockroaches
  A goblin (D:3)
  5 hobgoblins (D:1)
  3 jackals (D:3)
  A quokka (D:1)
  4 frilled lizards
  6 kobolds
  6 rats
84 creatures vanquished.

Notes
Turn   | Place    | Note
-------+----------+-------------------------------------------
     0 | D:1      | PriceMaster the Octopode Conjurer began the quest for the
                  | Orb.
     0 | D:1      | Reached XP level 1. HP: 11/11 MP: 3/3
   400 | D:1      | Reached XP level 2. HP: 17/17 MP: 0/5
   567 | D:1      | Learned a level 2 spell: Searing Ray
  1193 | D:1      | Reached XP level 3. HP: 21/21 MP: 6/6
  1727 | D:2      | Learned a level 2 spell: Jinxbite
  1868 | D:2      | Reached XP level 4. HP: 13/27 MP: 1/7
  2535 | D:3      | Reached skill level 1 in Hexes
  2617 | D:3      | HP: 1/27 [orc/+0 flail (9)]
  2666 | D:3      | Reached XP level 5. HP: 18/31 MP: 1/9
  2849 | D:3      | Reached skill level 1 in Short Blades
  3389 | D:3      | Found a faded altar of an unknown god.
  3693 | D:4      | Found a staircase to the Ecumenical Temple.
  3701 | D:4      | Noticed Eustachio
  3968 | D:4      | Reached skill level 5 in Conjurations
  4132 | D:4      | Noticed a black bear
  4139 | D:4      | Killed a black bear
  4140 | D:4      | Reached XP level 6. HP: 25/37 MP: 1/11
  4332 | D:4      | Killed Eustachio
  4333 | D:4      | Reached skill level 1 in Maces & Flails
  4333 | D:4      | Reached XP level 7. HP: 41/42 MP: 1/13
  4574 | D:4      | Reached skill level 1 in Fighting
  5070 | D:5      | Entered Level 5 of the Dungeon
  5151 | D:5      | Found an iron altar of Okawaru.
  5153 | D:5      | Found a runed translucent door.
  5157 | D:5      | Found the +0 toga "Victory" {*Victory Clar}
  5265 | D:5      | Noticed Dowan
  5275 | D:5      | Killed Dowan
  5308 | D:5      | Noticed Duvessa
  5318 | D:5      | Killed Duvessa
  5542 | D:5      | Reached XP level 8. HP: 48/48 MP: 11/15
  5585 | D:5      | Reached skill level 5 in Spellcasting
  5641 | D:5      | Reached skill level 5 in Stealth
  6431 | D:5      | Became a worshipper of Warmaster Okawaru
  6467 | D:6      | Noticed Sigmund
  6475 | D:6      | Reached skill level 6 in Conjurations
  6485 | D:5      | Learned a level 2 spell: Blink
  6569 | D:6      | Killed Sigmund
  6611 | D:6      | HP: 2/49 [poisoned by a kobold brigand]
  6612 | D:6      | Succumbed to a kobold brigand's poison

Illustrated notes

Levels and vault maps discovered:
D:1:      eino_arrival_water_cross, layout_loops_ring, minmay_hedge_maze
D:2:      layout_basic
D:3:      layout_basic, ebering_ecumenical_altar_abandoned
D:4:      layout_basic, minmay_temple_entry_wispy, uniq_eustachio
D:5:      layout_basic, nicolae_overflow_guarded_unrand_okawaru_victory,
          amcnicky_mini_rare_corridor_liquid,
          hangedman_abyss_or_decor_jellyfish_corner, uniq_duvessa
D:6:      layout_cave_pools, uniq_sigmund, uniq_jeremiah

Skill      XL: |  1  2  3  4  5  6  7  8 |
---------------+-------------------------+-----
Stealth        | 3 4 5 |  5.9
Hexes          | 1 2 3 |  3.1
Short Blades   | 1 |  1.0
Spellcasting   | 3 4 5 |  5.7
Conjurations   | 5 6 |  6.2
Maces & Flails | 1 2 |  2.6
Fighting       | 1 |  1.7
Dodging        | 3 |  3.2
Unarmed Combat | |  0.4

Action                     |  1- 3 |  4- 6 |  7- 9 || total
---------------------------+-------+-------+-------++-------
  Melee: Unarmed           |     8 |       |       ||     8
         Tentacles         |    77 |     6 |     6 ||    89
         Short sword       |   192 |       |       ||   192
         Punch             |     5 |     1 |       ||     6
         Constrict         |    10 |     6 |     4 ||    20
         Whip              |       |    45 |    21 ||    66
         Halberd           |       |       |     7 ||     7
   Cast: Magic Dart        |    22 |    25 |    33 ||    80
         Searing Ray       |     4 |     9 |    17 ||    30
         Jinxbite          |     3 |     9 |     6 ||    18
    Use: Scroll            |     2 |     5 |     3 ||    10
         Potion            |     1 |     8 |     4 ||    13
   Stab: Sleeping          |     2 |     2 |       ||     4
 Armour: Skin              |    15 |    43 |    33 ||    91
  Dodge: Dodged            |    25 |    24 |    32 ||    81

Table legend: (Time is in decaauts)
 A = Elapsed time spent in this place.
 B = Non-inter-level travel time spent in this place.
 C = Inter-level travel time spent in this place.
 D = Time resting spent in this place.
 E = Time spent auto-exploring this place.
 F = Levels seen in this place.
 G = Mean time per level.
                   A        B        C        D        E       F      G
               +--------+--------+--------+--------+--------+-----+--------+
         Total |   6580 |   6455 |    125 |   1511 |   3842 |   6 | 1096.7 |
       Dungeon |   6580 |   6455 |    125 |   1511 |   3842 |   6 | 1096.7 |
               +--------+--------+--------+--------+--------+-----+--------+

Top non-repeatable levels by time:
     D:5: 1484 daAuts
     D:1: 1436 daAuts
     D:3: 1428 daAuts
     D:4: 1362 daAuts
     D:2: 807 daAuts
     D:6: 61 daAuts
